| TOP OF THE 1ST |
|
Bluff City Beasties batting - Pitching for Asheville Moonshiners : LHP Matt Beech
|
|
Pitching: LHP Matt Beech
|
|
|
Batting: RHB Pat Watkins
|
0-0: Called Strike 0-1: Foul Ball, location: 2F 0-2: Ground out 5-3 (Groundball, 56S, EV 78.8 MPH)
|
|
Batting: LHB Jeff Treadway
|
0-0: Ball 1-0: Foul Ball, location: 2F 1-1: Fly out, F7 (Flyball, 7S, EV 85.6 MPH)
|
|
Batting: SHB Felix Jose
|
0-0: Ball 1-0: Foul Ball, location: 2F 1-1: Ball 2-1: Called Strike 2-2: Ball 3-2: Fly out, F7 (Flyball, 7LM, EV 86.9 MPH)
|
| Top of the 1st over - 0 runs, 0 hits, 0 errors, 0 left on base; Bluff City 0 - Asheville 0 |
| BOTTOM OF THE 1ST |
|
Asheville Moonshiners batting - Pitching for Bluff City Beasties : RHP Steve W Sparks
|
|
Pitching: RHP Steve W Sparks
|
|
|
Batting: SHB Wilton Guerrero
|
0-0: Ball 1-0: Ball 2-0: Swinging Strike 2-1: SINGLE (Line Drive, 7S, EV 100.6 MPH)
|
|
Batting: LHB Darren Bragg
|
0-0: Called Strike 0-1: Ball 1-1: Ball 2-1: Foul Ball, location: 2F 2-2: Ground out 4-3 (Groundball, 3D, EV 99.4 MPH) Wilton Guerrero to second
|
|
Batting: LHB Randall Simon
|
0-0: Fly out, F8 (Flyball, 8RD, EV 98.8 MPH)
|
|
Batting: RHB Chris Stynes
|
0-0: Called Strike 0-1: Ball 1-1: Foul Ball, location: 2F 1-2: Foul Ball, location: 2F 1-2: Ground out U3 (Groundball, 34, EV 93.8 MPH)
|
| Bottom of the 1st over - 0 runs, 1 hit, 0 errors, 1 left on base; Bluff City 0 - Asheville 0 |
| TOP OF THE 2ND |
|
Bluff City Beasties batting - Pitching for Asheville Moonshiners : LHP Matt Beech
|
|
Batting: RHB Jeff Manto
|
0-0: Called Strike 0-1: Ground out 5-3 (Groundball, 5, EV 79.4 MPH)
|
|
Batting: LHB Paul Sorrento
|
0-0: Ball 1-0: Ball 2-0: Called Strike 2-1: Ground out U3 (Groundball, 3, EV 101.9 MPH)
|
|
Batting: RHB Charlie Hayes
|
0-0: Called Strike 0-1: Called Strike 0-2: Strikes out swinging
|
| Top of the 2nd over - 0 runs, 0 hits, 0 errors, 0 left on base; Bluff City 0 - Asheville 0 |
| BOTTOM OF THE 2ND |
|
Asheville Moonshiners batting - Pitching for Bluff City Beasties : RHP Steve W Sparks
|
|
Batting: RHB Aaron Boone
|
0-0: Ball 1-0: Ball 2-0: Called Strike 2-1: Swinging Strike 2-2: Ball 3-2: Foul Ball, location: 2F 3-2: Base on Balls
|
|
Batting: RHB Yamil Benitez
|
0-0: Swinging Strike 0-1: Foul Ball, location: 2F 0-2: SINGLE (Groundball, 6, EV 86.3 MPH) (infield hit) Aaron Boone to second
|
|
Batting: LHB Billy McMillon
|
0-0: Ball 1-0: Called Strike 1-1: Ball 2-1: Ball 3-1: SINGLE (Line Drive, 5D, EV 95.6 MPH) Aaron Boone to third Yamil Benitez to second Runner from 3rd tries for Home, SAFE, no throw by LF
|
|
Batting: RHB Kevin L Brown
|
0-0: Called Strike 0-1: Fly out, F8 (Line Drive, 8RM, EV 87.5 MPH)
|
|
Batting: RHB Deivi Cruz
|
0-0: Ball Billy McMillon steals 2nd base Yamil Benitez steals 3rd base 1-0: DOUBLE (Line Drive, 9LM, EV 107.5 MPH) Yamil Benitez scores Billy McMillon scores
|
|
Batting: SHB Wilton Guerrero
|
0-0: Foul Ball, location: 2F 0-1: Ground out 4-3 (Groundball, 4, EV 100.6 MPH) Deivi Cruz to third
|
|
Batting: LHB Darren Bragg
|
0-0: Ball Wild Pitch! Deivi Cruz scores 1-0: Foul Ball, location: 2F 1-1: Ball 2-1: Ball 3-1: Called Strike 3-2: Base on Balls
|
|
Batting: LHB Randall Simon
|
0-0: Foul Ball, location: 2F 0-1: Called Strike 0-2: Ball 1-2: Ball 2-2: Ball 3-2: Base on Balls Darren Bragg to second
|
|
Batting: RHB Chris Stynes
|
0-0: Foul Ball, location: 2F 0-1: Called Strike 0-2: Ball 1-2: Foul Ball, location: 2F 1-2: Strikes out looking
|
| Bottom of the 2nd over - 4 runs, 3 hits, 0 errors, 2 left on base; Bluff City 0 - Asheville 4 |
| TOP OF THE 3RD |
|
Bluff City Beasties batting - Pitching for Asheville Moonshiners : LHP Matt Beech
|
|
Batting: LHB Dan Pasqua
|
0-0: Ball 1-0: Ball 2-0: Called Strike 2-1: Foul Ball, location: 2F 2-2: Ball 3-2: Foul Ball, location: 2F 3-2: Strikes out looking
|
|
Batting: RHB Tom Evans
|
0-0: SINGLE (Groundball, 56D, EV 97.5 MPH)
|
|
Batting: RHB Angelo Encarnacion
|
Pickoff Throw to First - Out! 1-3 0-0: Ball 1-0: Ball 2-0: Called Strike 2-1: SINGLE (Groundball, 5D, EV 96.3 MPH)
|
|
Batting: RHB Pat Watkins
|
0-0: Called Strike 0-1: Ball 1-1: Ball 2-1: Ball 3-1: Foul Ball, location: 2F 3-2: Fly out, F8 (Flyball, 8RS, EV 93.8 MPH)
|
| Top of the 3rd over - 0 runs, 2 hits, 0 errors, 1 left on base; Bluff City 0 - Asheville 4 |
| BOTTOM OF THE 3RD |
|
Asheville Moonshiners batting - Pitching for Bluff City Beasties : RHP Steve W Sparks
|
|
Batting: RHB Aaron Boone
|
0-0: Ball 1-0: Called Strike 1-1: Fly out, F9 (Flyball, 9LS, EV 94.4 MPH)
|
|
Batting: RHB Yamil Benitez
|
0-0: Ball 1-0: Swinging Strike 1-1: Fly out, F9 (Flyball, 89XD, EV 75.6 MPH)
|
|
Batting: LHB Billy McMillon
|
0-0: Called Strike 0-1: Foul Ball, location: 2F 0-2: Fly out, F8 (Flyball, 8LD, EV 94.4 MPH)
|
| Bottom of the 3rd over - 0 runs, 0 hits, 0 errors, 0 left on base; Bluff City 0 - Asheville 4 |
| TOP OF THE 4TH |
|
Bluff City Beasties batting - Pitching for Asheville Moonshiners : LHP Matt Beech
|
|
Batting: LHB Jeff Treadway
|
0-0: Ball 1-0: Ball 2-0: Ball 3-0: Base on Balls
|
|
Batting: SHB Felix Jose
|
0-0: Grounds into double play, 5-4-3 (Groundball, 56S, EV 93.1 MPH)
|
|
Batting: RHB Jeff Manto
|
0-0: Swinging Strike 0-1: Foul Ball, location: 2F 0-2: Foul Ball, location: 2F 0-2: Strikes out swinging
|
| Top of the 4th over - 0 runs, 0 hits, 0 errors, 0 left on base; Bluff City 0 - Asheville 4 |
| BOTTOM OF THE 4TH |
|
Asheville Moonshiners batting - Pitching for Bluff City Beasties : RHP Steve W Sparks
|
|
Batting: RHB Kevin L Brown
|
0-0: Foul Ball, location: 2F 0-1: Swinging Strike 0-2: Ball 1-2: Foul Ball, location: 2F 1-2: Foul Ball, location: 2F 1-2: Foul Ball, location: 2F 1-2: Foul Ball, location: 2F 1-2: Ball 2-2: SINGLE (Groundball, 4MD, EV 93.8 MPH)
|
|
Batting: RHB Deivi Cruz
|
0-0: Ground out 6-3 (Groundball, 6, EV 99.4 MPH) Kevin L Brown to second
|
|
Batting: SHB Wilton Guerrero
|
0-0: Ball 1-0: SINGLE (Groundball, 34D, EV 100.6 MPH) Kevin L Brown to third
|
|
Batting: LHB Darren Bragg
|
0-0: Called Strike Pickoff Throw by Catcher to First - Error! E2 Kevin L Brown scores Wilton Guerrero to second 0-1: Ball 1-1: Ball 2-1: Foul Ball, location: 2F 2-2: Foul Ball, location: 2F 2-2: Ball 3-2: Ground out 6-3 (Groundball, 6, EV 84.4 MPH) Wilton Guerrero to third
|
|
Batting: LHB Randall Simon
|
0-0: Ball 1-0: Swinging Strike 1-1: Swinging Strike 1-2: Fly out, F8 (Flyball, 8LS, EV 85.0 MPH)
|
| Bottom of the 4th over - 1 run, 2 hits, 1 error, 1 left on base; Bluff City 0 - Asheville 5 |
| TOP OF THE 5TH |
|
Bluff City Beasties batting - Pitching for Asheville Moonshiners : LHP Matt Beech
|
|
Batting: LHB Paul Sorrento
|
0-0: Called Strike 0-1: Ball 1-1: Foul Ball, location: 2F 1-2: Ball 2-2: Fly out, F8 (Flyball, 8RS, EV 85.0 MPH)
|
|
Batting: RHB Charlie Hayes
|
0-0: SINGLE (Line Drive, 8LS, EV 87.5 MPH)
|
|
Batting: LHB Dan Pasqua
|
0-0: Called Strike 0-1: DOUBLE (Flyball, 8RXD, EV 103.8 MPH) Charlie Hayes to third
|
|
Batting: RHB Tom Evans
|
0-0: Ball 1-0: Called Strike 1-1: Ball 2-1: Ground out 6-3 (Groundball, 6, EV 83.1 MPH) Charlie Hayes scores
|
|
Batting: RHB Angelo Encarnacion
|
0-0: Called Strike 0-1: Swinging Strike 0-2: Foul Ball, location: 2F 0-2: Ball 1-2: Strikes out swinging
|
| Top of the 5th over - 1 run, 2 hits, 0 errors, 1 left on base; Bluff City 1 - Asheville 5 |
| BOTTOM OF THE 5TH |
|
Asheville Moonshiners batting - Pitching for Bluff City Beasties : RHP Steve W Sparks
|
|
Batting: RHB Chris Stynes
|
0-0: Ball 1-0: Called Strike 1-1: Ball 2-1: Foul Ball, location: 2F 2-2: Ball 3-2: Fly out, F9 (Flyball, 9, EV 93.8 MPH)
|
|
Batting: RHB Aaron Boone
|
0-0: Swinging Strike 0-1: Fly out, F8 (Flyball, 89XD, EV 85.0 MPH)
|
|
Batting: RHB Yamil Benitez
|
0-0: Ball 1-0: Ball 2-0: Fly out, F9 (Flyball, 9, EV 78.8 MPH)
|
| Bottom of the 5th over - 0 runs, 0 hits, 0 errors, 0 left on base; Bluff City 1 - Asheville 5 |
| TOP OF THE 6TH |
|
Bluff City Beasties batting - Pitching for Asheville Moonshiners : LHP Matt Beech
|
|
Batting: RHB Pat Watkins
|
0-0: Swinging Strike 0-1: Called Strike 0-2: Ball 1-2: Foul Ball, location: 2F 1-2: Ball 2-2: Strikes out swinging
|
|
Batting: LHB Jeff Treadway
|
0-0: Swinging Strike 0-1: Hit by Pitch
|
|
Batting: SHB Felix Jose
|
0-0: Ball 1-0: Called Strike 1-1: Foul Ball, location: 2F 1-2: Ball 2-2: Ball 3-2: SINGLE (Line Drive, 89S, EV 89.4 MPH) Jeff Treadway to second
|
|
Batting: RHB Jeff Manto
|
0-0: Ball 1-0: Called Strike 1-1: Ball 2-1: Called Strike 2-2: Fly out, F7 (Line Drive, 7D, EV 91.9 MPH) Runner from 2nd tags up, SAFE at 3rd, no throw by LF
|
|
Batting: LHB Paul Sorrento
|
0-0: Ball 1-0: Ball 2-0: Called Strike 2-1: Swinging Strike 2-2: Strikes out swinging
|
| Top of the 6th over - 0 runs, 1 hit, 0 errors, 2 left on base; Bluff City 1 - Asheville 5 |
| BOTTOM OF THE 6TH |
|
Asheville Moonshiners batting - Pitching for Bluff City Beasties : RHP Steve W Sparks
|
|
Pitching: RHP John LeRoy
|
|
|
Batting: LHB Billy McMillon
|
0-0: Ball 1-0: Fly out, F6 (Popup, 4M, EV 50.0 MPH)
|
|
Batting: RHB Kevin L Brown
|
0-0: Foul Ball, location: 2F 0-1: Foul Ball, location: 2F 0-2: SINGLE (Line Drive, 89S, EV 105.0 MPH)
|
|
Batting: RHB Deivi Cruz
|
0-0: Reached on error, E6 (Groundball, 6S, EV 84.4 MPH) Kevin L Brown to second
|
|
Batting: SHB Wilton Guerrero
|
0-0: Called Strike 0-1: Fielders Choice at 2nd, 4-6 (Groundball, 4M, EV 86.9 MPH) Kevin L Brown to third
|
|
Batting: LHB Darren Bragg
|
0-0: Foul Ball, location: 2F 0-1: Foul Ball, location: 2F 0-2: Ball 1-2: Ground out 4-3 (Groundball, 4, EV 86.3 MPH)
|
| Bottom of the 6th over - 0 runs, 1 hit, 1 error, 2 left on base; Bluff City 1 - Asheville 5 |
| TOP OF THE 7TH |
|
Bluff City Beasties batting - Pitching for Asheville Moonshiners : LHP Matt Beech
|
|
Batting: RHB Charlie Hayes
|
0-0: Ball 1-0: Called Strike 1-1: Ball 2-1: Foul Ball, location: 2F 2-2: Foul Ball, location: 2F 2-2: Fly out, F8 (Flyball, 8RM, EV 90.6 MPH)
|
|
Batting: LHB Dan Pasqua
|
0-0: Ball 1-0: Ball 2-0: Foul Ball, location: 2F 2-1: Foul Ball, location: 2F 2-2: Strikes out swinging
|
|
Batting: RHB Tom Evans
|
0-0: Foul Ball, location: 2F 0-1: Ball 1-1: Ball 2-1: Swinging Strike 2-2: Fly out, F9 (Line Drive, 9, EV 93.8 MPH)
|
| Top of the 7th over - 0 runs, 0 hits, 0 errors, 0 left on base; Bluff City 1 - Asheville 5 |
| BOTTOM OF THE 7TH |
|
Asheville Moonshiners batting - Pitching for Bluff City Beasties : RHP John LeRoy
|
|
Batting: LHB Randall Simon
|
0-0: Ball 1-0: Ball 2-0: Called Strike 2-1: Ground out 1-3 (Groundball, 13S, EV 68.1 MPH)
|
|
Batting: RHB Chris Stynes
|
0-0: Ball 1-0: Ball 2-0: SINGLE (Flyball, 8RS, EV 93.8 MPH)
|
|
Batting: RHB Aaron Boone
|
0-0: SINGLE (Groundball, 6, EV 103.1 MPH) (infield hit) Chris Stynes to second
|
|
Batting: RHB Yamil Benitez
|
0-0: Foul Ball, location: 2F 0-1: Fly out, F7 (Flyball, 7, EV 89.4 MPH)
|
|
Batting: LHB Billy McMillon
|
0-0: Called Strike 0-1: SINGLE (Flyball, 78S, EV 86.9 MPH) Chris Stynes to third Aaron Boone to second Runner from 3rd tries for Home, SAFE, no throw by CF
|
|
Batting: RHB Kevin L Brown
|
0-0: Ball 1-0: Called Strike 1-1: Ground out 1-3 (Groundball, 13, EV 79.4 MPH)
|
| Bottom of the 7th over - 1 run, 3 hits, 0 errors, 2 left on base; Bluff City 1 - Asheville 6 |
| TOP OF THE 8TH |
|
Bluff City Beasties batting - Pitching for Asheville Moonshiners : LHP Matt Beech
|
|
Batting: RHB Angelo Encarnacion
|
0-0: Ball 1-0: Foul Ball, location: 2F 1-1: Ball 2-1: Called Strike 2-2: Ball 3-2: Ground out 6-3 (Groundball, 6, EV 85.0 MPH)
|
|
Batting: RHB Pat Watkins
|
0-0: Foul Ball, location: 2F 0-1: Fly out, F6 (Line Drive, 6, EV 72.5 MPH)
|
|
Batting: LHB Jeff Treadway
|
0-0: Ball 1-0: Ball 2-0: Called Strike 2-1: Ball 3-1: SINGLE (Line Drive, 9S, EV 103.8 MPH)
|
|
Batting: SHB Felix Jose
|
0-0: Swinging Strike 0-1: Foul Ball, location: 2F 0-2: Ball 1-2: SINGLE (Groundball, 56D, EV 93.8 MPH) Jeff Treadway to second
|
|
Batting: RHB Jeff Manto
|
0-0: Ball 1-0: Swinging Strike 1-1: Ball 2-1: Swinging Strike 2-2: Strikes out looking
|
| Top of the 8th over - 0 runs, 2 hits, 0 errors, 2 left on base; Bluff City 1 - Asheville 6 |
| BOTTOM OF THE 8TH |
|
Asheville Moonshiners batting - Pitching for Bluff City Beasties : RHP John LeRoy
|
|
Batting: RHB Deivi Cruz
|
0-0: Foul Ball, location: 2F 0-1: Foul Ball, location: 2F 0-2: Strikes out looking
|
|
Batting: SHB Wilton Guerrero
|
0-0: Ball 1-0: Reached on error, E6 (Groundball, 6M, EV 88.8 MPH)
|
|
Pitching: RHP Marty Janzen
|
|
|
Batting: LHB Darren Bragg
|
0-0: Swinging Strike 0-1: Swinging Strike 0-2: Ball 1-2: Strikes out swinging
|
|
Batting: LHB Randall Simon
|
0-0: Called Strike 0-1: Ball 1-1: SINGLE (Groundball, 34D, EV 100.6 MPH) Wilton Guerrero to third Runner from 3rd tries for Home, SAFE, no throw by RF
|
|
Batting: RHB Chris Stynes
|
0-0: Ball 1-0: Ground out 4-3 (Groundball, 4, EV 93.1 MPH)
|
| Bottom of the 8th over - 1 run, 1 hit, 1 error, 1 left on base; Bluff City 1 - Asheville 7 |
| TOP OF THE 9TH |
|
Bluff City Beasties batting - Pitching for Asheville Moonshiners : LHP Matt Beech
|
|
Batting: LHB Paul Sorrento
|
0-0: Ball 1-0: Foul Ball, location: 2F 1-1: Ground out 2-3 (Groundball, 2L, EV 70.6 MPH)
|
|
Batting: RHB Charlie Hayes
|
0-0: Ball 1-0: Ball 2-0: Foul Ball, location: 2F 2-1: Ball 3-1: Base on Balls
|
|
Pitching: RHP Julio Santana
|
|
|
Batting: LHB Dan Pasqua
|
0-0: Ball 1-0: Fly out, F9 (Flyball, 8RM, EV 79.4 MPH)
|
|
Batting: RHB Tom Evans
|
0-0: Fly out, F9 (Line Drive, 9, EV 86.9 MPH)
|
| Top of the 9th over - 0 runs, 0 hits, 0 errors, 1 left on base; Bluff City 1 - Asheville 7 |
|